 Dungeon Crawl Stone Soup version 0.22.1-1-ga44c0e56f4 (webtiles) character file.

2237154 MeekVeins the Conqueror (level 27, 272/272 (273) HPs)
             Began as a Hill Orc Monk on Sept 19, 2018.
             Was a High Priest of Beogh.
             Escaped with the Orb
             ... and 4 runes on Sept 20, 2018!
             The game lasted 04:45:33 (75180 turns).

MeekVeins the Conqueror (Hill Orc Monk)            Turns: 75180, Time: 04:45:33

HP:   272/272 (273) AC: 39    Str: 27    XL:     27
MP:   28/38         EV: 17    Int:  6    God:    Beogh [*****.]
Gold: 3316          SH: 37    Dex: 13    Spells: 26/26 levels left

rFire    + + .     SeeInvis +   u - +8 mithril axe "Arga" {speed, MR+}
rCold    + + +     Gourm    .   c - +10 large shield of Ignorance {rN+ Int-4}
rNeg     + + +     Faith    .   I - +7 storm dragon scales
rPois    +         Spirit   .   f - +1 helmet of Life {rF+ Str+2}
rElec    +         Reflect  .   w - scarf {cloud immunity}
rCorr    .         Harm     .   m - +2 pair of gloves of the Sun {*Drain +Fly rF+ Dex+2}
MR       +++++                  y - +2 pair of boots {Stlth+}
Stlth    ..........             i - amulet "Cauck" {RegenMP MR+ Dex+2 SInv}
HPRegen  0.55/turn              V - ring "Geggasuc" {rPois rC+++ rN+++ Str-2 Int-5}
MPRegen  0.51/turn              o - ring of the Mage {Wiz MR++ Int+3}

@: no status effects
A: walk on water, iridescent scales 1, clever 1, clumsy 2, screaming 2
0: Orb of Zot
}: 4/15 runes: barnacled, slimy, silver, gossamer
a: Smiting, Recall Orcish Followers, Give Item to Named Follower, Renounce
Religion, Evoke Flight


You escaped.
You worshipped Beogh.
Beogh was extremely pleased with you.
You were full.

You visited 11 branches of the dungeon, and saw 55 of its levels.
You visited the Abyss 1 time.
You also visited: Labyrinth, Trove, Ice Cave and Wizlab.

You collected 7955 gold pieces.
You spent 4639 gold pieces at shops.

Inventory:

Hand Weapons
 j - a +9 broad axe of electrocution
 u - the +8 mithril axe "Arga" (weapon) {speed, MR+}
   (You found it in a treasure trove)

   Attacks with this weapon are significantly faster.
   It affects your resistance to hostile enchantments.
 v - the +8 storm bow {elec}
   (You found it on level 5 of the Vaults)

   It charges the ammunition it shoots with electricity; occasionally upon a
   hit, such missiles may discharge and cause terrible harm.
Missiles
 C - 4 javelins of returning
 Z - 8 throwing nets (quivered)
Armour
 c - the +10 large shield of Ignorance (worn) {rN+ Int-4}
   (You found it on level 5 of the Pits of Slime)

   It affects your intelligence (-4).
   It protects you from negative energy.
 f - the +1 helmet of Life (worn) {rF+ Str+2}
   (You bought it in a shop on level 3 of the Depths)

   It affects your strength (+2).
   It protects you from fire.
 g - the +8 plate armour "Seluar" {Int+3}
   (You found it on level 5 of the Lair of Beasts)

   It affects your intelligence (+3).
 m - the +2 pair of gloves of the Sun (worn) {*Drain +Fly rF+ Dex+2}
   (You acquired it on level 12 of the Dungeon)

   It affects your dexterity (+2).
   It protects you from fire.
   It lets you fly.
   It causes draining when unequipped.
 w - a scarf of cloud immunity (worn)
 y - a +2 pair of boots of stealth (worn)
 F - a +2 cloak
 I - +7 storm dragon scales (worn)
Jewellery
 i - the amulet "Cauck" (around neck) {RegenMP MR+ Dex+2 SInv}
   (You found it in a treasure trove)

   [amulet of magic regeneration]

   It increases your magic regeneration.
   It affects your dexterity (+2).
   It affects your resistance to hostile enchantments.
   It lets you see invisible.
 o - the ring of the Mage (right hand) {Wiz MR++ Int+3}
   (You found it on level 2 of the Vaults)

   [ring of wizardry]

   It improves your spell success rate.
   It affects your intelligence (+3).
   It affects your resistance to hostile enchantments.
 J - an uncursed amulet of faith
 V - the ring "Geggasuc" (left hand) {rPois rC+++ rN+++ Str-2 Int-5}
   (You bought it in a shop on level 2 of the Depths)

   [ring of poison resistance]

   It affects your strength (-2).
   It affects your intelligence (-5).
   It renders you almost immune to cold.
   It protects you from poison.
   It renders you almost immune to negative energy.
Wands
 A - a wand of acid (46)
 D - a wand of digging (18)
 O - a wand of clouds (5)
 S - a wand of scattershot (11)
Scrolls
 a - a scroll of silence
 b - 2 scrolls of vulnerability
 d - 2 scrolls of summoning
 l - a scroll of fog
 n - a scroll of holy word
 B - 6 scrolls of blinking
 K - 2 scrolls of fear
 M - 13 scrolls of magic mapping
 N - 31 scrolls of remove curse
 P - 2 scrolls of enchant weapon
 R - 11 scrolls of identify
 T - 20 scrolls of teleportation
Potions
 h - 4 potions of might
 k - 5 potions of haste
 p - 4 potions of resistance
 q - 2 potions of berserk rage
 r - 10 potions of lignification
 s - a potion of ambrosia
 t - 7 potions of magic
 x - 5 potions of heal wounds
 E - 3 potions of cancellation
 G - 10 potions of flight
 H - 6 potions of brilliance
 L - 3 potions of invisibility
 Q - 9 potions of curing
 W - 6 potions of agility
 Y - 6 potions of mutation {!q}
Miscellaneous
 e - 4 phantom mirrors
 U - 3 boxes of beasts
 X - a lightning rod (4/4)
Comestibles
 z - 75 rations


   Skills:
 O Level 27 Fighting
 - Level 18.0 Axes
 + Level 21.8 Armour
 - Level 14.0 Dodging
 - Level 1.5 Stealth
 O Level 27 Shields
 - Level 22.2 Invocations


You had 26 spell levels left.
You didn't know any spells.
Your spell library contained the following spells:

 Spells                   Type           Power        Failure   Level  Hunger
 Animate Skeleton         Necr           N/A          45%         1    ##.....
 Apportation              Tloc           #.....       45%         1    ##.....
 Confusing Touch          Hex            #.....       45%         1    ##.....
 Corona                   Hex            #......      45%         1    ##.....
 Flame Tongue             Conj/Fire      #....        45%         1    ##.....
 Freeze                   Ice            #...         45%         1    ##.....
 Infusion                 Chrm           #...         45%         1    ##.....
 Magic Dart               Conj           #...         45%         1    ##.....
 Pain                     Necr           #...         45%         1    ##.....
 Sandblast                Erth           #.....       45%         1    ##.....
 Shock                    Conj/Air       #...         45%         1    ##.....
 Sting                    Conj/Pois      #...         45%         1    ##.....
 Summon Butterflies       Summ           #.......     45%         1    ##.....
 Summon Small Mammal      Summ           #...         45%         1    ##.....
 Blink                    Tloc           N/A          58%         2    ###....
 Call Imp                 Summ           #.......     58%         2    ###....
 Corpse Rot               Necr           N/A          58%         2    ###....
 Ensorcelled Hibernation  Hex/Ice        #.....       58%         2    ###....
 Passwall                 Tmut/Erth      #.......     58%         2    ###....
 Poisonous Vapours        Pois/Air       #.....       58%         2    ###....
 Searing Ray              Conj           #.....       58%         2    ###....
 Shroud of Golubria       Chrm/Tloc      #.........   58%         2    ###....
 Slow                     Hex            #.......     58%         2    ###....
 Song of Slaying          Chrm           #.......     58%         2    ###....
 Sticks to Snakes         Tmut           #.......     58%         2    ###....
 Sublimation of Blood     Necr           #.........   58%         2    ###....
 Swiftness                Chrm/Air       #.......     58%         2    ###....
 Throw Flame              Conj/Fire      #.....       58%         2    ###....
 Throw Frost              Conj/Ice       #.....       58%         2    ###....
 Call Canine Familiar     Summ           #.......     82%         3    ####...
 Confuse                  Hex            #.......     82%         3    ####...
 Conjure Flame            Conj/Fire      #.......     82%         3    ####...
 Dazzling Spray           Conj/Hex       #.....       82%         3    ####...
 Gell's Gravitas          Tloc           #.........   82%         3    ####...
 Ignite Poison            Fire/Tmut/Pois #.......     82%         3    ####...
 Inner Flame              Hex/Fire       #.......     82%         3    ####...
 Lesser Beckoning         Tloc           #.........   82%         3    ####...
 Mephitic Cloud           Conj/Pois/Air  #.......     82%         3    ####...
 Ozocubu's Armour         Chrm/Ice       #.......     82%         3    ####...
 Portal Projectile        Hex/Tloc       #.....       82%         3    ####...
 Recall                   Summ/Tloc      N/A          82%         3    ####...
 Regeneration             Chrm/Necr      #.........   82%         3    ####...
 Spectral Weapon          Hex/Chrm       #.......     82%         3    ####...
 Static Discharge         Conj/Air       #.......     82%         3    ####...
 Stone Arrow              Conj/Erth      #.....       82%         3    ####...
 Summon Guardian Golem    Hex/Summ       #.......     82%         3    ####...
 Teleport Other           Tloc           #.......     82%         3    ####...
 Tukima's Dance           Hex            #.......     82%         3    ####...
 Airstrike                Air            #.........   99%         4    #####..
 Animate Dead             Necr           N/A          99%         4    #####..
 Cause Fear               Hex            #.........   99%         4    #####..
 Force Lance              Conj/Tloc      #.......     99%         4    #####..
 Fulminant Prism          Conj/Hex       #.........   99%         4    #####..
 Ice Form                 Ice/Tmut       #.......     99%         4    #####..
 Iskenderun's Mystic Bla  Conj           #.......     99%         4    #####..
 Leda's Liquefaction      Hex/Erth       #.........   99%         4    #####..
 Olgreb's Toxic Radiance  Pois           #.......     99%         4    #####..
 Petrify                  Tmut/Erth      #.......     99%         4    #####..
 Sticky Flame             Conj/Fire      #.......     99%         4    #####..
 Summon Ice Beast         Ice/Summ       #.......     99%         4    #####..
 Summon Lightning Spire   Summ/Air       #.......     99%         4    #####..
 Throw Icicle             Conj/Ice       #.......     99%         4    #####..
 Agony                    Necr           #.......     100%        5    ######.
 Alistair's Intoxication  Tmut/Pois      #.......     100%        5    ######.
 Aura of Abjuration       Summ           #.........   100%        5    ######.
 Bolt of Draining         Conj/Necr      #.........   100%        5    ######.
 Borgnjor's Vile Clutch   Necr/Erth      #.........   100%        5    ######.
 Dispel Undead            Necr           #.......     100%        5    ######.
 Excruciating Wounds      Chrm/Necr      #.........   100%        5    ######.
 Fireball                 Conj/Fire      #.........   100%        5    ######.
 Irradiate                Conj/Tmut      #.........   100%        5    ######.
 Iskenderun's Battlesphe  Conj/Chrm      #.......     100%        5    ######.
 Lee's Rapid Deconstruct  Erth           #.........   100%        5    ######.
 Lightning Bolt           Conj/Air       #.........   100%        5    ######.
 Metabolic Englaciation   Hex/Ice        #.........   100%        5    ######.
 Silence                  Hex/Air        #.........   100%        5    ######.
 Summon Demon             Summ           #.........   100%        5    ######.
 Summon Forest            Summ/Tloc      #.........   100%        5    ######.
 Summon Mana Viper        Hex/Summ       #.......     100%        5    ######.
 Venom Bolt               Conj/Pois      #.........   100%        5    ######.
 Bolt of Cold             Conj/Ice       #.........   100%        6    #######
 Conjure Ball Lightning   Conj/Air       #.........   100%        6    #######
 Darkness                 Hex            #.........   100%        6    #######
 Death Channel            Necr           #.........   100%        6    #######
 Freezing Cloud           Conj/Ice/Air   #.........   100%        6    #######
 Hydra Form               Tmut           #.........   100%        6    #######
 Invisibility             Hex            #.......     100%        6    #######
 Ozocubu's Refrigeration  Ice            #.........   100%        6    #######
 Poison Arrow             Conj/Pois      #.........   100%        6    #######
 Shadow Creatures         Summ           N/A          100%        6    #######
 Simulacrum               Ice/Necr       #.........   100%        6    #######
 Statue Form              Tmut/Erth      #........    100%        6    #######
 Dragon Form              Tmut           #.........   100%        7    #######
 Haunt                    Necr/Summ      #.........   100%        7    #######
 Ring of Flames           Chrm/Fire      #.........   100%        7    #######
 Spellforged Servitor     Conj/Summ      #.........   100%        7    #######
 Borgnjor's Revivificati  Necr           #.........   100%        8    #######
 Chain Lightning          Conj/Air       #.........   100%        8    #######
 Death's Door             Chrm/Necr      #.........   100%        8    #######
 Discord                  Hex            #.........   100%        8    #######
 Infestation              Necr           #.........   100%        8    #######
 Lehudib's Crystal Spear  Conj/Erth      #.........   100%        8    #######
 Necromutation            Tmut/Necr      #.........   100%        8    #######
 Fire Storm               Conj/Fire      #.........   100%        9    #######
 Glaciate                 Conj/Ice       #.........   100%        9    #######
 Shatter                  Erth           #.........   100%        9    #######
 Passage of Golubria      Tloc           Unusable     N/A         4    N/A

Dungeon Overview and Level Annotations

Branches:
Dungeon (15/15)            Temple (0/1) D:5            Lair (6/6) D:8
 Shoals (4/4) Lair:2       Spider (4/4) Lair:2        Slime (5/5) Lair:6
    Orc (2/2) D:10            Elf (3/3) Orc:2        Vaults (5/5) D:14
  Crypt (0/3) Vaults:2     Depths (5/5) D:15           Hell (1/1)
    Zot (5/5) Depths:5
    Dis: Hell:1         Geh: Hell:1         Coc: Hell:1         Tar: Hell:1

Altars:
Dithmenos
Qazlal
Ru
Trog
Vehumet
Wu Jian
Xom
Yredelemnul
The Shining One
Beogh
Jiyva

Shops:
D:5 !   D:7 *[?*?   D:10 *   D:14 %**   D:15 :   Orc:2 !([*   Shoals:4 (
Vaults:1 }   Vaults:3 %   Depths:2 }=}   Depths:3 *

Portals:
Hell: Depths:1 Depths:2 Depths:3 Depths:4 Depths:5
Abyss: Depths:1 Depths:2 Depths:4 Depths:5
Pandemonium: Depths:3 Depths:5
Ziggurat: Depths:1

Annotations:
Elf:3 1 exclusion
Vaults:3 3 runed doors, Jiecvoet's ghost, veteran GrFi; rayg00n's ghost, adept SpEE
Depths:2 1 runed door, Ubup's ghost, veteran MiBe
Zot:5 1 exclusion


Innate Abilities, Weirdness & Mutations

You can walk on water.
You are partially covered in iridescent scales. (AC +2)
Your mind is acute. (Int +2)
You are very clumsy. (Dex -4)
You sometimes yell uncontrollably at your foes.


Message History

You smite the cacodemon!
The cacodemon is almost dead.
Aiming: Smiting
Press: ? - help, Dir - move target cursor, f/p - cacodemon Smite: a cacodemon (almost dead)
You smite the cacodemon!
You kill the cacodemon!
Beogh accepts your kill.
Ylyefigh comes into view.
A hellion comes into view.
Press: ? - help, v - describe, . - travel A staircase leading out of the dungeon.
This square is covered in magical glow.
Press: ? - help, v - describe, . - travel
Here: an orc priest, wearing a leather armour (friendly)
The floor.
Press: ? - help, v - describe, . - travel A staircase leading out of the dungeon.
This square is covered in magical glow.
You have escaped!

.####......................###
.##...##.####.####.####.##...##
.#..###...##...##...##...###..#
.#.## #.⌠.##.⌠.##.⌠.##.⌠.# ##.#
.#.####...##...##...##...####.#
.#...###.####.####.####.###...#
.#.⌠.###.####.###..####.###.⌠.#
.#.............oooo...........#
.##.##.........o@oo.......##.##
.#.............ooo............#
.#.⌠.###.####.####.####.###.⌠.#
.#...###.###2.####.####.###...#
.#.####...#&...##...##...####.#
.#.## #.⌠..#.⌠.##.⌠.##.⌠.# ##.#
.#..###...##...##...##...###..#
.##...##.####.####.####.#....##
.####......................###


You could see Ylyefigh, a hellion, the friendly Saint Roka, the friendly Bogfrid
the orc warlord, the friendly Gorm the orc warlord, the friendly Marbork the orc
warlord, the friendly Olfik the orc warlord, the friendly Syrus the orc warlord,
2 friendly orc warriors, a friendly orc priest and a friendly orc wizard.

Vanquished Creatures
  the Royal Jelly (Slime:5)
  A seraph (D:5)
  6 orbs of fire (Zot:5)
  An ancient lich (Zot:5)
  Margery (Depths:3)
  A caustic shrike (Depths:3)
  2 Killer Klowns (Zot:5)
  Geryon (Abyss:1)
  6 golden dragons
  2 bone dragons (Abyss:1)
  9 tentacled monstrosities
  2 electric golems (Zot:5)
  3 liches
  A hellephant (Hell)
  15 Orb Guardians
  2 titans
  2 deep elf blademasters (Elf:3)
  18 acid blobs
  2 deep elf master archers (Elf:3)
  6 quicksilver dragons
  Gastronok (D:9)
  An Executioner (D:10)
  An ancient champion (Hell)
  3 death cobs
  2 sphinxes
  Kirke (Shoals:4)
  5 storm dragons
  Roxanne (Spider:4)
  3 tengu reavers
  3 shadow dragons
  12 azure jellies
  3 fire giants
  6 frost giants
  A draconian monk (Zot:2)
  7 ghost moths
  11 draconian knights
  2 balrugs
  2 iron dragons (Depths:3)
  9 deep elf sorcerers
  8 draconian scorchers
  A cacodemon (D:1)
  7 vault wardens
  2 reapers (Hell)
  6 draconian stormcallers
  2 deep elf elementalists (Elf:3)
  3 very ugly things
  9 draconian annihilators
  4 draconian shifters
  7 ironheart preservers
  A spriggan defender (Depths:5)
  6 stone giants
  An entropy weaver (Vaults:1)
  8 deep elf demonologists
  2 vampire knights
  9 green draconians
  4 purple draconians
  5 black draconians
  A minotaur (Lab)
  11 deep elf annihilators
  4 red draconians
  5 yellow draconians
  A large abomination (Elf:3)
  A lorocyproca (Hell)
  5 white draconians
  4 spark wasps
  5 deep elf death magi (Elf:3)
  3 merfolk javelineers (Shoals:4)
  4 ettins
  2 blizzard demons (Hell)
  2 fire dragons
  3 merfolk impalers
  4 death oozes (Slime:5)
  2 deep elf high priests
  7 yaktaur captains
  A hell beast (Depths:1)
  4 ice dragons
  2 rakshasas
  Erolcha (D:13)
  3 ogre magi
  2 great orbs of eyes
  2 spriggan air magi
  19 vault guards
  6 hydras
  A death knight (D:12)
  5 centaur warriors
  An alligator snapping turtle (Shoals:4)
  A merfolk avatar (Shoals:3)
  2 deep troll shamans
  21 two-headed ogres
  2 deep troll earth magi
  2 thrashing horrors (Abyss:1)
  13 dancing weapons
  2 tengu warriors
  2 orc high priests (Orc:2)
  Sonja (D:13)
  3 spriggan berserkers (Depths:4)
  18 deep elf knights
  10 hell knights
  7 skeletal warriors
  2 shadow wraiths
  An iron golem (Hell)
  6 sun demons
  A fire crab (shapeshifter) (Vaults:4)
  An iron troll (Depths:5)
  A storm dragon skeleton (Hell)
  2 soul eaters (Hell)
  6 sea snakes
  A deep troll (shapeshifter) (Vaults:1)
  A spatial maelstrom (Abyss:1)
  4 flayed ghosts
  A glowing orange brain (Vaults:3)
  6 deep trolls
  16 deep elf archers
  4 unseen horrors
  5 harpies
  12 ironbrand convokers
  A torturous demonspawn (D:5)
  An orc knight (D:15)
  A phantasmal warrior (Vaults:5)
  3 necromancers
  2 wizards
  An orc sorcerer (Vaults:5)
  12 orb spiders
  9 fauns
  A cyclops (shapeshifter) (Vaults:1)
  An oklob plant (Lair:6)
  6 manticores
  29 ugly things
  16 wolf spiders
  33 deep elf magi
  An elephant (Lair:3)
  19 moths of wrath
  4 cyclopes
  4 shining eyes
  A rust devil (Hell)
  Joseph (D:7)
  Maurice (D:9)
  2 black mambas (Lair:6)
  A water nymph (shapeshifter) (Depths:2)
  A black mamba (shapeshifter) (Vaults:5)
  Psyche (D:9)
  A smoke demon (Depths:5)
  5 merfolk sirens
  A torpor snail (Spider:3)
  14 vault sentinels
  3 orange demons
  2 gargoyles (D:11)
  A dire elephant skeleton (Hell)
  5 eyes of devastation
  A hellion (D:8)
  5 rime drakes
  A rime drake (shapeshifter) (Vaults:4)
  5 spiny frogs
  30 yaktaurs
  2 komodo dragons
  5 freezing wraiths
  3 demonic crawlers
  2 ice devils
  A red devil (Depths:5)
  3 polar bears (Lair:6)
  A queen bee (Lair:3)
  A tengu conjurer (Depths:2)
  7 jumping spiders
  10 merfolk
  2 trolls
  A spectral jumping spider (Spider:3)
  12 hornets
  A sphinx simulacrum (Vaults:1)
  A wind drake (Shoals:4)
  5 hippogriffs
  A hornet (shapeshifter) (Depths:4)
  Prince Ribbit (D:7)
  7 blink frogs
  A hippogriff (shapeshifter) (Elf:3)
  73 slime creatures
  A blink frog (shapeshifter) (Depths:5)
  2 snapping turtles (Shoals:4)
  2 air elementals
  A centaur simulacrum (D:15)
  A ynoxinul (Abyss:1)
  29 redbacks
  9 spriggans
  8 tarantellas
  A spriggan (shapeshifter) (Vaults:3)
  19 yaks
  3 fire bats (Lair:4)
  6 water elementals
  4 wraiths
  2 hogs (Shoals:4)
  5 wyverns
  7 fire elementals
  19 golden eyes
  A steam dragon (Lair:3)
  2 basilisks (Lair:3)
  2 hungry ghosts
  6 vampire mosquitoes
  5 wargs
  2 acid dragons (D:15)
  An insubstantial wisp (D:11)
  A spatial vortex (Abyss:1)
  Duvessa (D:7)
  A floating eye (Depths:3)
  11 water moccasins
  7 porcupines
  6 orc warriors
  4 sky beasts
  2 black bears (Lair:6)
  6 eyes of draining
  16 ogres
  A small abomination (Abyss:1)
  7 ice beasts
  5 necrophages
  6 boggarts
  A snapping turtle zombie (Hell)
  A tengu (shapeshifter) (Vaults:4)
  A phantom (D:9)
  18 wolves
  13 centaurs
  A human skeleton (Vaults:3)
  10 crocodiles
  2 human zombies (Vaults:2)
  3 big kobolds
  9 bullfrogs
  A glowing shapeshifter simulacrum (Vaults:3)
  A wyvern skeleton (D:14)
  An earth elemental (Elf:2)
  Dowan (D:7)
  A water moccasin zombie (D:10)
  4 scorpions
  30 killer bees
  7 wights
  3 electric eels
  5 crimson imps
  4 centaur zombies
  A quasit (Depths:3)
  2 human simulacra
  2 bullfrog skeletons
  9 starcursed masses (Abyss:1)
  An iron imp (Hell)
  9 orc priests
  2 bullfrog zombies
  3 centaur skeletons
  4 jellies
  10 orc wizards
  A hound (shapeshifter) (Depths:2)
  8 hounds
  Ijyb (D:3)
  3 iguanas
  6 worker ants
  7 hell rats
  A worker ant zombie (D:7)
  A howler monkey zombie (D:3)
  Robin (D:3)
  4 gnolls
  9 adders
  2 shadow imps
  An ooze (D:3)
  An ooze (shapeshifter) (Vaults:5)
  An adder zombie (D:6)
  An adder skeleton (D:4)
  2 worms
  2 dart slugs (D:1)
  3 leopard geckos
  20 orcs
  7 giant cockroaches
  18 goblins
  9 hobgoblins
  13 jackals
  3 quokkas
  2 ball pythons
  5 bats
  8 frilled lizards
  11 kobolds
  2 quokka skeletons
  11 rats
  4 crawling corpses
  2 fungi (Lair:5)
  22 plants
  A tentacle (Shoals:1)
1437 creatures vanquished.

Vanquished Creatures (collateral kills)
  6 ancient liches
  2 orbs of fire
  A juggernaut (Depths:3)
  Sojobo (Vaults:2)
  The ghost of Luyjis the Warrior, a master GrGl of Okawaru (Vaults:2)
  A caustic shrike (Depths:3)
  Xtahua (Vaults:5)
  2 curse toes
  6 golden dragons
  Arachne (Spider:4)
  An electric golem (Zot:5)
  9 Orb Guardians (Zot:5)
  A hellephant (Depths:5)
  Rupert (D:13)
  8 tentacled monstrosities
  2 quicksilver dragons
  2 liches
  3 titans (Vaults:5)
  A deep elf blademaster (Elf:2)
  A kraken (Shoals:1)
  An acid blob (Slime:5)
  The ghost of Uggef the Unseen, an adept VSBe of Trog (Vaults:2)
  An ancient champion (Hell)
  The ghost of Wicaxa the Crack Shot, an adept CeHu of Okawaru (Spider:2)
  10 shadow dragons
  Polyphemus (Shoals:4)
  2 sphinxes
  4 death cobs
  8 tengu reavers
  10 storm dragons
  An azure jelly (Slime:5)
  4 draconian monks
  A daeva (D:5)
  A deep elf sorcerer (Vaults:5)
  7 frost giants
  4 fire giants
  2 orc warlords
  8 draconian scorchers
  13 vault wardens
  3 ghost moths
  2 balrugs
  5 draconian knights
  A cacodemon (Depths:5)
  An angel (D:5)
  Louise (Shoals:4)
  4 draconian stormcallers
  3 emperor scorpions (Spider:4)
  7 draconian shifters
  2 reapers (Hell)
  A draconian annihilator (Zot:2)
  A deep elf elementalist (Vaults:4)
  13 very ugly things
  3 spriggan defenders
  2 ironheart preservers
  A war gargoyle (Vaults:4)
  5 stone giants
  An entropy weaver (Spider:1)
  The ghost of Dirgheoc the Basher, a journeyman VSSu of Gozag (Spider:3)
  6 green draconians
  2 deep elf annihilators
  The ghost of Todarar the Basher, a journeyman GrAr of Trog (Lair:6)
  11 yellow draconians
  9 purple draconians
  6 black draconians
  Azrael (D:14)
  9 red draconians
  A spark wasp (Spider:4)
  12 white draconians
  A merfolk javelineer (Shoals:4)
  4 ettins
  A green death (Hell)
  A blizzard demon (Hell)
  3 merfolk impalers
  4 fire dragons
  A death ooze (Slime:5)
  Josephine (D:14)
  2 deep elf high priests (Vaults:4)
  4 great orbs of eyes
  5 ice dragons
  13 yaktaur captains
  5 rakshasas
  2 hydras
  A catoblepas (Shoals:4)
  19 vault guards
  2 alligator snapping turtles (Shoals:4)
  4 spriggan air magi
  9 centaur warriors
  A merfolk avatar (Shoals:4)
  A large abomination (Vaults:4)
  Erica (Lair:1)
  4 death yaks (Shoals:4)
  8 ogre magi
  15 dancing weapons
  2 merfolk aquamancers (Shoals:4)
  3 deep troll shamans (Depths:5)
  11 two-headed ogres
  2 deep troll earth magi
  4 tengu warriors
  6 spriggan berserkers
  A titan zombie (Hell)
  3 sun demons
  A vampire mage (Depths:4)
  6 hell hogs (Hell)
  2 soul eaters (Hell)
  6 hell knights
  2 orc high priests (Orc:2)
  25 deep elf knights
  An iron troll (Depths:1)
  13 skeletal warriors
  A fire crab (shapeshifter) (Depths:5)
  A spectral entropy weaver (Spider:3)
  2 flayed ghosts
  A cherub (D:5)
  An anaconda zombie (Hell)
  A ghost moth zombie (Hell)
  2 unseen horrors
  3 wizards
  22 deep trolls
  12 sea snakes
  14 deep elf archers
  A phantasmal warrior (Vaults:5)
  7 ironbrand convokers
  3 necromancers
  9 orc knights
  A wolf spider zombie (D:14)
  An anaconda skeleton (Hell)
  2 tengu zombies (Vaults:3)
  45 deep elf magi
  13 orb spiders
  A salamander (shapeshifter) (Vaults:1)
  16 harpies
  9 cyclopes
  28 ugly things
  10 fauns
  9 moths of wrath
  4 orc sorcerers
  22 wolf spiders
  10 manticores
  A manticore (shapeshifter) (Vaults:1)
  3 rust devils (Hell)
  7 vault sentinels
  2 salamanders
  A frost giant skeleton (Hell)
  2 merfolk sirens (Shoals:4)
  4 elephants
  A torpor snail (Spider:4)
  A gargoyle (D:14)
  4 water nymphs
  8 spiny frogs
  A black mamba (Lair:6)
  4 centaur skeletons
  A kobold demonologist (D:13)
  3 komodo dragons
  A spectral redback (Spider:3)
  37 yaktaurs
  A rime drake (Lair:3)
  3 freezing wraiths
  A tormentor (Depths:5)
  10 demonic crawlers
  A queen bee (shapeshifter) (Vaults:4)
  27 jumping spiders
  A harpy zombie (Hell)
  6 red devils
  2 ice devils
  13 merfolk
  2 polar bears (Lair:6)
  A spectral jumping spider (Spider:3)
  A troll (Vaults:4)
  2 wind drakes
  A tengu simulacrum (Vaults:1)
  11 blink frogs
  5 slime creatures
  A dream sheep (shapeshifter) (Depths:3)
  An alligator zombie (Hell)
  12 hornets
  7 dream sheep
  7 snapping turtles
  13 hippogriffs
  An ice dragon zombie (Hell)
  A meliai zombie (D:12)
  45 redbacks
  6 water elementals
  2 vampires
  4 wraiths
  A spriggan (shapeshifter) (D:15)
  11 tarantellas
  An alligator skeleton (Hell)
  15 spriggans
  4 air elementals
  3 hogs (Shoals:4)
  A basilisk (Lair:5)
  A human (shapeshifter) (Vaults:2)
  3 fire bats (Lair:4)
  2 wyverns
  21 yaks
  4 fire elementals (D:14)
  A hungry ghost (D:13)
  4 vampire mosquitoes
  A spectral orb spider (Spider:3)
  An insubstantial wisp (D:11)
  5 wargs
  6 water moccasins
  A porcupine (Lair:4)
  A hell hound (D:14)
  A black bear (Lair:6)
  An ettin simulacrum (Vaults:3)
  A hornet zombie (D:15)
  3 jumping spider simulacra (Spider:3)
  9 orc warriors
  An ice beast (D:11)
  2 human zombies (Vaults:2)
  12 wolves
  A phantom (D:12)
  3 boggarts
  11 ogres
  4 crocodiles
  6 centaurs
  2 bullfrogs
  2 wyvern zombies
  An earth elemental (Elf:3)
  A human skeleton (Vaults:2)
  A human simulacrum (Vaults:2)
  A troll zombie (Hell)
  12 killer bees
  A wight (D:12)
  A crimson imp (D:15)
  A quasit (D:2)
  A bullfrog zombie (D:12)
  4 orc priests
  3 jellies
  10 orc wizards
  An iguana (D:14)
  A worker ant (D:14)
  3 hell rats (Hell)
  A mummy (D:12)
  A shadow imp (Depths:3)
  14 orcs
  A bush (Lair:6)
  3 crawling corpses
  8 fungi
  67 plants
  3 tentacles (Shoals:1)
1252 creatures vanquished.

Vanquished Creatures (others)
  A curse toe (Zot:5)
  6 orc warlords
  A draconian monk (Zot:2)
  2 fire giants
  2 draconian knights
  An orc high priest (Elf:2)
  A draconian stormcaller (Zot:3)
  2 very ugly things (Depths:1)
  A red draconian (Depths:5)
  A yellow draconian (Zot:2)
  A two-headed ogre (D:8)
  11 orc knights
  2 deep elf knights (Elf:2)
  A shadow dragon zombie (Depths:1)
  3 deep elf magi
  A necromancer (Depths:1)
  A sphinx skeleton (Depths:1)
  2 orc sorcerers
  A frost giant zombie (Depths:1)
  An ugly thing (Depths:1)
  A wolf spider (Spider:4)
  2 moths of wrath
  A stone giant skeleton (Depths:1)
  A spriggan skeleton (Depths:1)
  23 orc warriors
  A black bear (D:9)
  A boggart (Depths:2)
  A killer bee (D:10)
  19 orc priests
  14 orc wizards
  53 orcs
  A ball python (D:6)
  2 fungi (Lair:5)
  32 plants (Shoals:4)
  3 tentacles (Shoals:1)
  8 withered plants
205 creatures vanquished.

Grand Total: 2894 creatures vanquished

Notes
Turn   | Place    | Note
-------+----------+-------------------------------------------
     0 | D:1      | MeekVeins the Hill Orc Monk began the quest for the Orb.
     0 | D:1      | Reached XP level 1. HP: 19/19 MP: 1/1
   217 | D:1      | Reached XP level 2. HP: 27/27 MP: 2/2
   821 | D:2      | Reached XP level 3. HP: 7/33 MP: 3/3
  1747 | D:2      | Reached XP level 4. HP: 36/41 MP: 4/4
  1822 | D:2      | Found an ornate altar of the Wu Jian Council.
  1938 | D:2      | Reached skill level 6 in Axes
  2636 | D:3      | Noticed Ijyb
  2673 | D:3      | Killed Ijyb
  2673 | D:3      | Reached XP level 5. HP: 45/47 MP: 5/5
  2758 | D:3      | Noticed Robin
  2790 | D:3      | Killed Robin
  3473 | D:4      | Reached XP level 6. HP: 10/56 MP: 6/6
  3705 | D:4      | Noticed an orc warrior
  4699 | D:5      | Entered Level 5 of the Dungeon
  4699 | D:5      | Found Parocw's Distillery.
  4812 | D:5      | Found a shadowy altar of Dithmenos.
  4814 | D:5      | Bought a potion of might for 44 gold pieces
  4879 | D:5      | Found a staircase to the Ecumenical Temple.
  4996 | D:5      | Reached skill level 6 in Fighting
  4996 | D:5      | Reached XP level 7. HP: 10/63 MP: 7/7
  6148 | D:6      | Reached skill level 9 in Axes
  6164 | D:6      | Became a worshipper of Beogh the Brigand
  6164 | D:6      | Reached * piety under Beogh
  6164 | D:6      | Reached ** piety under Beogh
  6465 | D:6      | Reached skill level 1 in Shields
  7133 | D:5      | Reached XP level 8. HP: 30/71 MP: 8/8
  7745 | D:7      | Found Saggosm's Antique Armour Shoppe.
  7760 | D:7      | Bought a pair of runed gloves for 180 gold pieces
  7930 | D:7      | Noticed Prince Ribbit
  7939 | D:7      | Killed Prince Ribbit
  7939 | D:7      | Reached skill level 3 in Shields
  8046 | D:7      | Found Gofusch's Assorted Antiques.
  8054 | D:7      | Bought a scroll labeled BYUKOOFUHOHE for 36 gold pieces
  8054 | D:7      | Bought a scroll labeled RUIDAY TYPHATI for 36 gold pieces
  8054 | D:7      | Bought a smoky red potion for 32 gold pieces
  8054 | D:7      | Bought a scroll labeled OBLUYD CASU for 36 gold pieces
  8074 | D:7      | Bought a smoky red potion for 32 gold pieces
  8113 | D:7      | Found Fima's Magic Scroll Shop.
  8207 | D:7      | Found Rofasuti's Magic Scroll Shoppe.
  8211 | D:7      | Found Wighab's Assorted Antiques.
  8419 | D:7      | Noticed Joseph
  8431 | D:7      | Killed Joseph
  8431 | D:7      | Reached XP level 9. HP: 41/81 MP: 9/9
  8639 | D:7      | Noticed Duvessa
  8640 | D:7      | Noticed Dowan
  8661 | D:7      | Killed Duvessa
  8666 | D:7      | Killed Dowan
  8666 | D:7      | Reached skill level 12 in Axes
  9180 | D:8      | Noticed a two-headed ogre
  9489 | D:8      | Noticed a two-headed ogre
  9515 | D:9      | Noticed Psyche
  9537 | D:9      | Killed Psyche
  9537 | D:9      | Reached skill level 9 in Fighting
  9949 | D:9      | You fall through a shaft!
  9949 | D:10     | Entered Level 10 of the Dungeon
 10053 | D:10     | Reached XP level 10. HP: 92/92 MP: 10/10
 10104 | D:9      | Noticed Maurice
 10112 | D:9      | Killed Maurice
 10334 | D:9      | Noticed Gastronok
 10473 | D:9      | Reached skill level 1 in Invocations
 10529 | D:9      | Reached skill level 1 in Armour
 10769 | D:9      | Killed Gastronok
 10769 | D:9      | Reached skill level 3 in Armour
 10769 | D:9      | Reached skill level 6 in Invocations
 11410 | D:10     | Found Keenaj's Assorted Antiques.
 11417 | D:10     | Found a staircase to the Orcish Mines.
 11432 | D:10     | Bought a scroll labeled SUIQ UROIREROM for 26 gold pieces
 11432 | D:10     | Bought a scroll labeled ZOYNYU SOYTAI for 26 gold pieces
 11747 | D:10     | Reached skill level 9 in Invocations
 11747 | D:10     | Reached XP level 11. HP: 88/101 MP: 16/18
 12171 | D:11     | Reached *** piety under Beogh
 12529 | D:11     | Found a stormy altar of Qazlal.
 12747 | D:11     | Noticed an unseen horror
 12760 | D:11     | Killed an unseen horror
 13141 | D:11     | Paralysed by a hornet for 2 turns
 13784 | D:8      | Killed a two-headed ogre
 13784 | D:8      | Reached skill level 15 in Axes
 13784 | D:8      | Reached skill level 6 in Armour
 13972 | D:8      | Found a staircase to the Lair.
 14300 | Orc:1    | Entered Level 1 of the Orcish Mines
 14300 | Orc:1    | Found a radiant altar of Vehumet.
 15178 | Lair:1   | Entered Level 1 of the Lair of Beasts
 15499 | Lair:1   | Reached skill level 12 in Fighting
 15724 | Lair:1   | Noticed Erica
 15732 | Lair:1   | Killed Erica
 15732 | Lair:1   | Reached XP level 12. HP: 89/112 MP: 19/19
 16004 | Lair:1   | Reached skill level 3 in Dodging
 16324 | Lair:1   | Noticed a four-headed hydra
 16333 | Lair:1   | Killed a five-headed hydra
 17081 | Lair:2   | Found a hole to the Spider Nest.
 17432 | Lair:2   | Found a staircase to the Shoals.
 17674 | Lair:2   | Noticed a six-headed hydra
 17679 | Lair:2   | Killed a four-headed hydra
 18167 | Lair:4   | Reached skill level 12 in Invocations
 18412 | Lair:4   | Noticed a four-headed hydra
 18419 | Lair:4   | Killed a three-headed hydra
 18710 | Lair:4   | Reached **** piety under Beogh
 18710 | Lair:4   | Reached XP level 13. HP: 80/118 MP: 22/22
 19089 | Lair:4   | Reached skill level 18 in Axes
 19560 | Lair:5   | Found a labyrinth entrance.
 19583 | Lab      | Entered a labyrinth
 19987 | Lab      | Gained mutation: You are partially covered in iridescent
                  | scales. (AC +2) [potion of mutation]
 19987 | Lab      | Gained mutation: You expend magic power (3 MP) to
                  | strengthen your wands. [potion of mutation]
 20025 | Lab      | Noticed a minotaur
 20028 | Lab      | Killed a minotaur
 20039 | Lab      | Got an uncursed scorched great sword {elec}
 20571 | Lair:5   | Got a crude plate armour
 20582 | Lair:5   | Identified the +8 plate armour "Seluar" {Int+3} (You found
                  | it on level 5 of the Lair of Beasts)
 20650 | Lair:6   | Entered Level 6 of the Lair of Beasts
 20791 | Lair:6   | Gained Wargath as an ally
 20863 | Lair:6   | Found a staircase to the Slime Pits.
 20869 | Lair:6   | Reached ***** piety under Beogh
 20902 | Lair:6   | Found a runed door.
 20902 | Lair:6   | Found a shimmering altar of Xom.
 20902 | Lair:6   | Noticed Todarar's ghost (journeyman GrAr)
 20984 | Lair:6   | Reached skill level 9 in Armour
 21079 | Lair:6   | Identified Pouvilih's Incunabulum of Supportive Blows and
                  | Bruises
 21638 | Lair:6   | Identified a scroll of acquirement
 21861 | Lair:3   | Reached XP level 14. HP: 127/129 MP: 24/24
 22007 | Lair:3   | Gained Olfik as an ally
 23443 | Lair:6   | Killed Todarar's ghost
 24254 | D:12     | Found a frozen archway.
 24273 | IceCv    | Entered an ice cave
 24284 | IceCv    | Reached ****** piety under Beogh
 24286 | IceCv    | Found a transporter.
 24386 | IceCv    | Found a transporter.
 24759 | D:12     | Got a pair of scorched gloves
 24770 | D:12     | Identified the +2 pair of gloves of the Sun {*Drain +Fly
                  | rF+ Dex+2} (You acquired it on level 12 of the Dungeon)
 25303 | D:12     | Found a shadowy altar of Dithmenos.
 25390 | D:13     | Reached skill level 6 in Dodging
 25415 | D:13     | Noticed Erolcha
 25417 | D:13     | Noticed Sonja
 25421 | D:13     | Gained Olfik as an ally
 25431 | D:13     | Killed Erolcha
 25434 | D:13     | Killed Sonja
 25740 | D:13     | Got a bound ivory ring
 25774 | D:13     | Noticed Rupert
 25776 | D:13     | Paralysed by Rupert for 5 turns
 25783 | D:13     | Killed Rupert
 25783 | D:13     | Reached skill level 12 in Armour
 25800 | D:13     | Identified the ring of Luineid {*Tele rC++ SInv} (You took
                  | it off a centaur warrior on level 13 of the Dungeon)
 26441 | Orc:1    | Found a bloodstained altar of Trog.
 26556 | Orc:1    | Noticed an orc warlord
 26569 | Orc:1    | Killed an orc warlord
 26731 | Orc:1    | Found a roughly hewn altar of Beogh.
 27024 | Orc:2    | Entered Level 2 of the Orcish Mines
 27108 | Orc:2    | Gained Herok as an ally
 27162 | Orc:2    | Noticed an orc warlord
 27173 | Orc:2    | Gained Marbork as an ally
 27174 | Orc:2    | Killed an orc warlord
 27232 | Orc:2    | Found Ticwiz's Antique Armour Boutique.
 27233 | Orc:2    | Found a roughly hewn altar of Beogh.
 27236 | Orc:2    | Found Dekytsuacs's Antique Weapon Shop.
 27242 | Orc:2    | Bought a crystal broad axe for 297 gold pieces
 27242 | Orc:2    | Identified the +4 broad axe of the Rat {venom, +Fly rF-
                  | Str-5 Stlth+} (You bought it in a shop on level 2 of the
                  | Orcish Mines)
 27251 | Orc:2    | Bought a glowing helmet for 165 gold pieces
 27480 | Orc:2    | Found a staircase to the Elven Halls.
 27517 | Orc:2    | Found a roughly hewn altar of Beogh.
 27561 | Orc:2    | Paralysed by an orc sorcerer for 7 turns
 27562 | Orc:2    | Reached XP level 15. HP: 121/139 MP: 25/25
 27603 | Orc:2    | Found a roughly hewn altar of Beogh.
 27628 | Orc:2    | Found a roughly hewn altar of Beogh.
 27760 | Orc:2    | Found a roughly hewn altar of Beogh.
 27764 | Orc:2    | Found Oppue's Distillery.
 27769 | Orc:2    | Bought a potion of might for 44 gold pieces
 27769 | Orc:2    | Bought a potion of agility for 44 gold pieces
 27801 | Orc:2    | Found a roughly hewn altar of Beogh.
 27875 | Orc:2    | Found a roughly hewn altar of Beogh.
 27879 | Orc:2    | Found Hianaddi's Assorted Antiques.
 27884 | Orc:2    | Bought a runed scarf for 256 gold pieces
 27884 | Orc:2    | Bought a scroll of enchant weapon for 240 gold pieces
 27884 | Orc:2    | Bought a glowing brown potion for 28 gold pieces
 28258 | D:7      | Bought a scroll of acquirement for 572 gold pieces
 28265 | D:7      | Found the +3 hat of Pondering {ponderous, MR+ MP+10 Int+5}
 28412 | Shoals:1 | Entered Level 1 of the Shoals
 28427 | Shoals:1 | Your ally Herok died
 28469 | Shoals:1 | Gained Syrus as an ally
 28908 | Shoals:1 | Reached skill level 15 in Invocations
 28910 | Shoals:1 | Noticed a kraken
 28920 | Shoals:1 | Killed a kraken
 29109 | Shoals:2 | Got a steaming trident
 29110 | Shoals:2 | Identified the +7 trident "Hydraslayer" {drain, rF+} (You
                  | found it on level 2 of the Shoals)
 29284 | Shoals:2 | Identified the +8 chain mail "Oclyck" {rPois} (You found it
                  | on level 2 of the Shoals)
 29360 | Shoals:3 | Reached skill level 15 in Fighting
 29390 | Shoals:3 | Gained Grimold as an ally
 29581 | Shoals:3 | Your ally Grimold died
 29882 | Shoals:4 | Entered Level 4 of the Shoals
 29891 | Shoals:4 | Noticed Polyphemus
 29903 | Shoals:4 | Killed Polyphemus
 29907 | Shoals:4 | Noticed Kirke
 29924 | Shoals:4 | Killed Kirke
 30138 | Shoals:4 | Gained Bogfrid as an ally
 30186 | Shoals:4 | Reached XP level 16. HP: 54/151 MP: 13/28
 30712 | Shoals:4 | Found Gigoapto's Antique Weapon Shop.
 30889 | Shoals:4 | Noticed Louise
 30907 | Shoals:4 | Killed Louise
 31213 | Shoals:4 | Got a barnacled rune of Zot
 31435 | Shoals:4 | Reached skill level 18 in Fighting
 31663 | Shoals:4 | Got a dazzling war axe
 31664 | Shoals:4 | Identified the +3 war axe "Tialuph" {flame, +Rage} (You
                  | found it on level 4 of the Shoals)
 32018 | Spider:1 | Entered Level 1 of the Spider Nest
 32297 | Spider:1 | Gained Orbeogh as an ally
 32678 | Spider:2 | Reached skill level 6 in Shields
 32697 | Spider:2 | Found a runed gate.
 32698 | Spider:2 | Found a runed gate.
 32974 | Spider:2 | Found a runed gate.
 32976 | Spider:2 | Noticed Wicaxa's ghost (adept CeHu)
 32991 | Spider:2 | Killed Wicaxa's ghost
 33553 | Spider:3 | Reached XP level 17. HP: 158/168 MP: 29/29
 33745 | Spider:3 | Found a runed gate.
 33745 | Spider:3 | Found a runed gate.
 33746 | Spider:3 | Found a runed gate.
 33746 | Spider:3 | Noticed Dirgheoc's ghost (journeyman VSSu)
 33869 | Spider:3 | Killed Dirgheoc's ghost
 33871 | Spider:3 | Reached skill level 9 in Shields
 34073 | Spider:4 | Entered Level 4 of the Spider Nest
 34456 | Spider:4 | Noticed Roxanne
 34473 | Spider:4 | Killed Roxanne
 34474 | Spider:4 | Identified Roxanne's Papyrus of Stones (You took it off
                  | Roxanne on level 4 of the Spider Nest)
 34952 | Spider:4 | Gained Norbak as an ally
 34980 | Spider:4 | Noticed Arachne
 34990 | Spider:4 | Killed Arachne
 35158 | Spider:4 | Reached skill level 12 in Shields
 35262 | Spider:4 | Got a gossamer rune of Zot
 36024 | D:14     | Reached XP level 18. HP: 178/178 MP: 30/30
 36209 | D:14     | Found Olef's Sacrilege Store.
 36213 | D:14     | Found a basalt altar of Yredelemnul.
 36266 | D:14     | Noticed Azrael
 36273 | D:14     | Killed Azrael
 36341 | D:14     | Found Ofyoniwn's Food Shoppe.
 36361 | D:14     | Noticed Josephine
 36369 | D:14     | Killed Josephine
 36500 | D:14     | Found a sacrificial altar of Ru.
 36603 | D:14     | Found Qasuuk's Assorted Antiques.
 36700 | D:14     | Found a gate to the Vaults.
 36814 | D:15     | Entered Level 15 of the Dungeon
 36935 | D:15     | Gained Urtork as an ally
 37298 | D:15     | Found a staircase to the Depths.
 37584 | D:15     | Found Boisokej's Book Boutique.
 37744 | Vaults:1 | Entered Level 1 of the Vaults
 37858 | Vaults:1 | Reached skill level 15 in Shields
 38117 | Vaults:1 | Your ally Urtork died
 38151 | Vaults:1 | Gained Wargrak as an ally
 38151 | Vaults:1 | Your ally Wargrak died
 38199 | Vaults:1 | Gained Gorm as an ally
 38447 | Vaults:1 | Found Myory Bosie's Gadget Shoppe.
 39037 | Vaults:2 | Noticed Sojobo
 39042 | Vaults:2 | Your ally Olfik died
 39042 | Vaults:2 | Killed Sojobo
 39055 | Vaults:2 | Identified the +5 great sword "Qoink" {elec, SInv} (You
                  | took it off a minotaur in a labyrinth)
 39216 | Vaults:2 | Found a basalt altar of Yredelemnul.
 39269 | Vaults:2 | Reached XP level 19. HP: 102/185 MP: 31/31
 39966 | Vaults:2 | Found a large runed door.
 39966 | Vaults:2 | Found a large runed door.
 39969 | Vaults:2 | Noticed Luyjis's ghost (master GrGl)
 39970 | Vaults:2 | Found the ring of the Mage {Wiz MR++ Int+3}
 39970 | Vaults:2 | Noticed Uggef's ghost (adept VSBe)
 39985 | Vaults:2 | Killed Uggef's ghost
 39989 | Vaults:2 | Reached skill level 18 in Shields
 39994 | Vaults:2 | Killed Luyjis's ghost
 40040 | Vaults:2 | Found a staircase to the Crypt.
 41059 | Vaults:3 | Noticed a lich
 41071 | Vaults:3 | Killed a lich
 41210 | Vaults:3 | Identified Tupecwyq's Disquisition on Enhancements and
                  | Moulding
 41212 | Vaults:3 | Found a runed gate.
 41212 | Vaults:3 | Found a runed gate.
 41212 | Vaults:3 | Found a runed gate.
 41214 | Vaults:3 | Noticed rayg00n's ghost (adept SpEE)
 41216 | Vaults:3 | Noticed Jiecvoet's ghost (veteran GrFi)
 41789 | Vaults:3 | Found Zuipah's Food Emporium.
 42458 | Vaults:4 | Reached XP level 20. HP: 193/193 MP: 32/32
 42954 | Vaults:4 | Your ally Norbak died
 43485 | Vaults:4 | Gained Murdo as an ally
 44127 | Elf:1    | Entered Level 1 of the Elven Halls
 44262 | Elf:1    | Reached skill level 15 in Armour
 45214 | Elf:1    | Found a portal to a secret trove of treasure.
 45450 | Elf:2    | Your ally Murdo died
 45471 | Elf:2    | Found a runed gate.
 45471 | Elf:2    | Found a runed gate.
 45471 | Elf:2    | Found a runed gate.
 45484 | Elf:2    | Your ally Wargath died
 45497 | Elf:2    | Found a magical portal.
 45536 | WizLab   | Entered The Hall of the Hellbinder
 45614 | Elf:2    | Noticed Saint Roka
 45899 | Elf:2    | Identified Kefoullo's Volume of Fetching Ice
 46114 | Elf:2    | Reached XP level 21. HP: 201/201 MP: 33/33
 46120 | Elf:2    | Reached skill level 18 in Invocations
 46295 | Elf:3    | Entered Level 3 of the Elven Halls
 46429 | Elf:3    | Reached skill level 9 in Dodging
 47072 | Elf:3    | Gained Morun as an ally
 47605 | Elf:3    | Got a steaming long sword
 47606 | Elf:3    | Identified the +2 long sword "Dragon's Undoing" {freeze,
                  | rPois Dex+4 SInv} (You found it on level 3 of the Elven
                  | Halls)
 47680 | Elf:3    | Got a twisted morningstar
 47681 | Elf:3    | Identified the +10 morningstar of Doom {crush, rN+ Str+4
                  | Dex+2} (You found it on level 3 of the Elven Halls)
 47857 | Orc:2    | Bought a potion of agility for 44 gold pieces
 47857 | Orc:2    | Bought a potion of curing for 33 gold pieces
 47857 | Orc:2    | Bought 2 potions of haste for 220 gold pieces
 47857 | Orc:2    | Bought a potion of haste for 110 gold pieces
 48012 | Depths:1 | Entered Level 1 of the Depths
 48019 | Depths:1 | Found a gateway to a ziggurat.
 48063 | Depths:1 | Your ally Morun died
 48064 | Depths:1 | Reached skill level 21 in Fighting
 48478 | Depths:1 | Found a gateway to Hell.
 48722 | Depths:1 | Found a one-way gate to the infinite horrors of the Abyss.
 49250 | Depths:2 | Found a runed door.
 49250 | Depths:2 | Found Qastov's Gadget Shop.
 49251 | Depths:2 | Noticed Ubup's ghost (veteran MiBe)
 49266 | Depths:2 | Found Qanext's Gadget Shop.
 49267 | Depths:2 | Found Cotodiy's Jewellery Emporium.
 49275 | Depths:2 | Bought the ring "Geggasuc" {rPois rC+++ rN+++ Str-2 Int-5}
                  | for 1366 gold pieces
 49569 | Depths:2 | Reached XP level 22. HP: 209/214 MP: 35/35
 50514 | Depths:2 | Identified the +3 scale mail of the Hippo {Str+4} (You
                  | found it on level 2 of the Depths)
 50801 | Depths:3 | Noticed a caustic shrike
 50803 | Depths:3 | Paralysed by a floating eye for 4 turns
 50806 | Depths:3 | Killed a caustic shrike
 50849 | Depths:3 | Noticed a juggernaut
 50849 | Depths:3 | Noticed a golden dragon
 50855 | Depths:3 | Killed a juggernaut
 50857 | Depths:3 | Reached skill level 21 in Invocations
 50870 | Depths:3 | Killed a golden dragon
 50907 | Depths:3 | Your ally Gorm died
 51270 | Depths:3 | Noticed a golden dragon
 51271 | Depths:3 | Noticed a caustic shrike
 51277 | Depths:3 | Killed a caustic shrike
 51282 | Depths:3 | Killed a golden dragon
 51741 | Depths:3 | Found Howkoa's General Store.
 51749 | Depths:3 | Bought the +1 helmet of Life {rF+ Str+2} for 554 gold
                  | pieces
 51894 | Depths:3 | Noticed Margery
 51899 | Depths:3 | Killed Margery
 52429 | Depths:3 | Found a one-way gate leading to the halls of Pandemonium.
 52727 | Depths:4 | Reached XP level 23. HP: 197/229 MP: 30/38
 53344 | Depths:4 | Reached skill level 24 in Fighting
 53461 | Depths:4 | Found a glowing golden altar of the Shining One.
 54159 | Depths:4 | Identified the Disquisition on the Snowflakes and
                  | Conjuration
 54341 | Depths:5 | Entered Level 5 of the Depths
 54445 | Depths:5 | Found a gate to the Realm of Zot.
 54488 | Depths:5 | Your ally Orbeogh died
 55989 | Depths:5 | Identified the +2 scale mail of the Poles {Regen+ Slay+2}
                  | (You found it on level 5 of the Depths)
 56257 | Hell     | Entered the Vestibule of Hell
 56257 | Hell     | Noticed Geryon
 56706 | Hell     | Banished Geryon
 56953 | Hell     | Reached XP level 24. HP: 128/247 MP: 37/38
 57759 | Slime:1  | Entered Level 1 of the Pits of Slime
 58236 | Slime:1  | Gained Bogrim as an ally
 58275 | Slime:2  | Reached skill level 27 in Fighting
 58362 | Slime:3  | Gained mutation: You are frail. (-10% HP) [a shining eye]
 59428 | Slime:5  | Entered Level 5 of the Pits of Slime
 59802 | Slime:5  | Reached skill level 21 in Shields
 59949 | Slime:5  | Found a viscous altar of Jiyva.
 59950 | Slime:5  | Noticed the Royal Jelly
 59976 | Slime:5  | Gained Bolgrim as an ally
 59989 | Slime:5  | Gained Olfrun as an ally
 60008 | Slime:5  | Killed the Royal Jelly
 60011 | Slime:5  | Your ally Bolgrim died
 60013 | Slime:5  | Your ally Olfrun died
 61280 | Slime:5  | Got a bone bardiche
 61294 | Slime:5  | Identified the cursed +1 plate armour of Fun and Games
                  | {Str+4 Stlth+} (You found it on level 5 of the Pits of
                  | Slime)
 61296 | Slime:5  | Found the +10 large shield of Ignorance {rN+ Int-4}
 61343 | Slime:5  | Identified the Grimoire of Assistive Transmigration
 61349 | Slime:5  | Identified the Disquisition on Dark Feathers
 61354 | Slime:5  | Identified the +11 hand axe "Kuso" {chop, +Blink +Fly rF+}
                  | (You found it on level 5 of the Pits of Slime)
 61356 | Slime:5  | Got a slimy rune of Zot
 61371 | Slime:5  | Lost mutation: You are frail. (-10% HP) [potion of
                  | mutation]
 61371 | Slime:5  | Lost mutation: You expend magic power (3 MP) to strengthen
                  | your wands. [potion of mutation]
 61371 | Slime:5  | Gained mutation: You occasionally shout uncontrollably at
                  | your foes. [potion of mutation]
 61371 | Slime:5  | Gained mutation: Your mind is acute. (Int +2) [potion of
                  | mutation]
 61436 | Lair:6   | Identified the +5 bardiche "Qeext" {venom, +Rage +Fly
                  | Dex-2} (You found it on level 5 of the Pits of Slime)
 61845 | Depths:1 | Voluntarily entered the Abyss.
 61929 | Abyss:1  | Identified the cursed +0 helmet of Grace {rElec} (You found
                  | it on level 1 of the Abyss)
 61981 | Abyss:1  | Killed Geryon
 62242 | Depths:1 | Escaped the Abyss
 62446 | Elf:1    | You paid a toll of the horn of Geryon to enter a treasure
                  | trove
 62447 | Trove    | Entered a treasure trove
 62453 | Trove    | Found the +8 mithril axe "Arga" {speed, MR+}
 62453 | Trove    | Found the +9 staff of Olgreb {rPois}
 62458 | Trove    | Got a wavering emerald amulet
 62459 | Trove    | Identified the amulet "Cauck" {RegenMP MR+ Dex+2 SInv} (You
                  | found it in a treasure trove)
 62461 | Trove    | Identified the +1 large shield of Divine Intervention
                  | {Dex+2} (You found it in a treasure trove)
 62463 | Trove    | Identified the ring "Xarreih" {rPois Int+3} (You found it
                  | in a treasure trove)
 63073 | D:7      | Bought a scroll of identify for 46 gold pieces
 63073 | D:7      | Bought a scroll of enchant armour for 172 gold pieces
 63444 | Vaults:5 | Entered Level 5 of the Vaults
 63650 | Vaults:5 | Reached XP level 25. HP: 215/257 MP: 38/38
 63992 | Vaults:5 | Gained Boldo as an ally
 64191 | Vaults:5 | Your ally Boldo died
 64646 | Vaults:5 | Noticed an ancient lich
 64649 | Vaults:5 | Killed an ancient lich
 64907 | Vaults:5 | Noticed Xtahua
 64915 | Vaults:5 | Killed Xtahua
 64943 | Vaults:5 | Found the +8 storm bow {elec}
 65140 | Vaults:5 | Got a silver rune of Zot
 65192 | Vaults:5 | Identified the Papyrus of Poison and Malediction
 66186 | Zot:1    | Entered Level 1 of the Realm of Zot
 66217 | Zot:1    | Noticed an orb of fire
 66217 | Zot:1    | Gained mutation: You are clumsy. (Dex -2) [an orb of fire]
 66221 | Zot:1    | Killed an orb of fire
 66795 | Zot:1    | Reached XP level 26. HP: 254/266 MP: 38/38
 67222 | Zot:2    | Reached skill level 24 in Shields
 67257 | Zot:2    | Reached skill level 12 in Dodging
 67740 | Zot:2    | Identified the Volume of Aerial Augmentations
 68258 | Zot:2    | Reached skill level 18 in Armour
 68923 | Zot:3    | Gained Arbeogh as an ally
 69148 | Zot:3    | Your ally Arbeogh died
 70489 | Zot:4    | Reached XP level 27. HP: 270/272 MP: 38/38
 71915 | Zot:5    | Entered Level 5 of the Realm of Zot
 72014 | Zot:5    | Noticed an orb of fire
 72017 | Zot:5    | Killed an orb of fire
 72179 | Zot:5    | Noticed an orb of fire
 72185 | Zot:5    | Killed an orb of fire
 72318 | Zot:5    | Your ally Bogrim died
 72324 | Zot:5    | Killed an ancient lich
 72409 | Zot:5    | Noticed an orb of fire
 72411 | Zot:5    | Killed an orb of fire
 72495 | Zot:5    | Noticed an ancient lich
 72504 | Zot:5    | Killed an ancient lich
 72546 | Zot:5    | Noticed an ancient lich
 72556 | Zot:5    | Noticed an ancient lich
 72556 | Zot:5    | Killed an ancient lich
 72571 | Zot:5    | Killed an ancient lich
 72993 | Zot:5    | Noticed an ancient lich
 73001 | Zot:5    | Killed an ancient lich
 73534 | Zot:5    | Noticed an ancient lich
 73555 | Zot:5    | Killed an ancient lich
 73951 | Zot:5    | Noticed an orb of fire
 73951 | Zot:5    | Gained mutation: You are very clumsy. (Dex -4) [an orb of
                  | fire]
 73957 | Zot:5    | Killed an orb of fire
 74130 | Zot:5    | Gained mutation: You sometimes yell uncontrollably at your
                  | foes. [a Zot trap]
 74152 | Zot:5    | Noticed an orb of fire
 74152 | Zot:5    | Noticed an orb of fire
 74169 | Zot:5    | Killed an orb of fire
 74170 | Zot:5    | Killed an orb of fire
 74193 | Zot:5    | Noticed an orb of fire
 74200 | Zot:5    | Killed an orb of fire
 74200 | Zot:5    | Reached skill level 27 in Shields
 74356 | Zot:5    | Reached skill level 21 in Armour
 74506 | Zot:5    | Got the Orb of Zot
 74822 | D:13     | Gained Wardok as an ally
 74992 | D:5      | Noticed a seraph
 74998 | D:5      | Your ally Wardok died
 75004 | D:5      | Killed a seraph
 75178 | D:1      | Noticed Ylyefigh the pandemonium lord
 75180 | D:$      | Escaped with the Orb!

Skill      XL: |  1  2  3  4  5  6  7  8  9 10 11 12 13 14 15 16 17 18 19 20 21 22 23 24 25 26 27 |
---------------+----------------------------------------------------------------------------------+-----
Fighting       | 4 5 6 8 9 10 12 13 14 16 19 20 21 23 26 27 | 27.0
Axes           | 5 6 7 8 10 11 13 14 15 17 18 | 18.0
Shields        | 1 4 7 12 17 20 22 23 25 27 | 27.0
Invocations    | 9 10 12 14 16 17 19 22 | 22.2
Armour         | 4 6 9 12 14 15 16 17 18 21 | 21.8
Dodging        | 4 6 8 10 11 12 14 | 14.0
Stealth        | |  1.5

Action                   |  1- 3 |  4- 6 |  7- 9 | 10-12 | 13-15 | 16-18 | 19-21 | 22-24 | 25-27 || total
-------------------------+-------+-------+-------+-------+-------+-------+-------+-------+-------++-------
Melee: Hand axe          |   129 |   226 |   129 |   125 |       |       |       |       |       ||   609
       War axe           |       |       |   208 |   278 |       |       |       |       |       ||   486
       Broad axe         |       |       |       |   119 |   777 |   811 |   873 |   998 |  1346 ||  4924
Throw: Javelin           |       |     3 |     4 |     5 |       |       |       |       |       ||    12
       Throwing net      |       |       |       |       |       |       |       |     1 |       ||     1
Invok: Convert to Beogh  |       |       |     1 |       |       |       |       |       |       ||     1
       Smiting           |       |       |     3 |    12 |    17 |    16 |    19 |    59 |    32 ||   158
       Give Item to Name |       |       |       |       |     4 |     1 |     4 |     2 |       ||    11
       Recall Orcish Fol |       |       |       |       |    22 |    13 |    22 |    17 |    13 ||    87
       Stop Recall       |       |       |       |       |     5 |       |       |     2 |       ||     7
       Resurrection      |       |       |       |       |     1 |       |     2 |     1 |     1 ||     5
Evoke: Wand              |       |     2 |    12 |    21 |    12 |    11 |    17 |     5 |    20 ||   100
       Lamp of fire      |       |       |       |       |     1 |     1 |       |       |       ||     2
       Lightning rod     |       |       |       |       |       |     4 |       |     2 |       ||     6
  Use: Potion            |       |     3 |     1 |     1 |    10 |     1 |     3 |    15 |     9 ||    43
       Scroll            |       |       |     9 |     9 |    21 |    12 |    16 |    16 |    14 ||    97
 Stab: Sleeping          |     4 |     1 |     2 |     2 |     1 |       |       |       |       ||    10
       Paralysed         |       |       |     5 |       |     2 |       |       |       |     8 ||    15
       Distracted        |       |       |       |     4 |     7 |    16 |     7 |     9 |    11 ||    54
       Betrayed ally     |       |       |       |     1 |       |       |       |       |       ||     1
       Petrifying        |       |       |       |       |     5 |     2 |       |       |       ||     7
       Petrified         |       |       |       |       |     3 |     3 |       |       |       ||     6
       Held in net/web   |       |       |       |       |       |     1 |       |     1 |       ||     2
       Confused          |       |       |       |       |       |       |       |       |     1 ||     1
  Eat: Chunk             |     3 |     8 |    11 |    21 |    20 |    20 |    17 |     9 |    14 ||   123
       Ration            |       |     1 |     1 |     2 |     5 |     3 |     5 |    10 |     8 ||    35
Armor: Robe              |    16 |       |       |       |       |       |       |       |       ||    16
       Leather armour    |    31 |    76 |    80 |   115 |    14 |       |       |       |       ||   316
       Plate armour      |       |       |       |       |   420 |   210 |   231 |   544 |    56 ||  1461
       Chain mail        |       |       |       |       |       |   268 |       |       |       ||   268
       Storm dragon scal |       |       |       |       |       |       |       |       |   177 ||   177
Dodge: Dodged            |   111 |   141 |   124 |   245 |   344 |   215 |   134 |   307 |   222 ||  1843
Block: Buckler           |       |       |    33 |    79 |   172 |    15 |       |       |       ||   299
       Large shield      |       |       |       |       |       |   682 |   709 |  1184 |  1184 ||  3759
